 Dungeon Crawl Stone Soup version 0.30.0-10-gfe55d96785 (webtiles) character file.

Game seed: 17380233161194670962

10 SeerSkye the Slasher (level 2, -3/26 HPs)
             Began as a Meteoran Monk on May 14, 2023.
             Slain by Terence
             ... wielding a +0 heavy trident
              (13 damage)
             ... on level 2 of the Dungeon.
             The game lasted 00:02:13 (251 turns).

SeerSkye the Slasher (Meteoran Monk)                 Turns: 251, Time: 00:02:14

Health: -3/26      AC:  2    Str: 12    XL:     2   Next: 47%
Magic:  3/3        EV: 13    Int: 11    God:
Gold:   35         SH:  0    Dex: 16    Spells: 1/1 levels left

rFire   . . .        a - +0 falchion
rCold   . . .        d - orb {light}
rNeg    . . .        b - +0 robe
rPois   .            (no helmet)
rElec   .            (no cloak)
rCorr   .            (no gloves)
SInv    .            (no boots)
Will    .....        (no amulet)
Stlth   +            (no ring)
HPRegen 0.24/turn    (no ring)
MPRegen 0.08/turn

%: no passive effects
@: glowing
A: sense surroundings 1, otherworldly, glowing, explore regen
a: no special abilities


You were on level 2 of the Dungeon.
You visited 1 branch of the dungeon, and saw 2 of its levels.

You collected 35 gold pieces.

Inventory:

Hand Weapons
 a - a +0 falchion (weapon)
Missiles
 g - 2 poisoned darts (quivered)
Armour
 b - a +0 robe (worn)
 d - an orb of light (worn)
Jewellery
 j - a ring of ice
Scrolls
 h - 2 scrolls of identify {unknown}
 i - a scroll of amnesia {unknown}
Potions
 c - a potion of ambrosia
 f - a potion of curing {unknown}


   Skills:
 + Level 3.4 Fighting
 * Level 4.0 Long Blades
 + Level 3.8 Dodging


You had one spell level left.
You didn't know any spells.
Your spell library contained the following spells:

 Spells                   Type           Power      Damage    Failure   Level
 Volatile Blastmotes      Fire/Tloc      0%         2d10      71%         3
 Fulminant Prism          Conj/Hex       0%         3d5       98%         4
 Iskenderun's Mystic Bla  Conj/Tloc      0%         2d3       98%         4
 Lee's Rapid Deconstruct  Erth           0%         3d4*      100%        5


Dungeon Overview and Level Annotations

Branches:
Dungeon (2/15) Zot: 945

Altars:

Annotations:
D:2 Terence


Innate Abilities, Weirdness & Mutations

You passively map a small area around you.
You are easily found by Zot.
You glow in the dark.
You regain HP and MP as you explore.


Message History

The ball python grabs you. The ball python constricts you.
* * * LOW HITPOINT WARNING * * *
You slash the ball python!
You kill the ball python!
j - a ring of ice
There are no items here.
Okay, then.
h - 2 scrolls labelled OVOTEO MIHIUG (gained 1)
You now have 35 gold pieces (gained 12).
You drop 7 stones.
Terence the Incautious comes into view.
He is wielding a +0 heavy trident.
Terence shouts!
Found a glowing plate armour.
Unknown command.
Terence screams, "I'm going to kill you!"
Terence drinks a potion.
Terence flickers and vanishes!
Deactivating autopickup; reactivate with Ctrl-A.
Okay, then.
A rat comes into view.
Throw: 4 darts (poison)
Press: ? - help, Q - select action Shift-Dir - straight line, f - Terence
Aim: Terence, wielding a +0 heavy trident and wearing a +0 chain mail (slightly transparent, haloed, 86% to hit)
You throw a poisoned dart. The poisoned dart hits Terence.
Throw: 3 darts (poison)
Press: ? - help, Q - select action Shift-Dir - straight line, f/p - Terence
Aim: Terence, wielding a +0 heavy trident and wearing a +0 chain mail (slightly transparent, haloed, 86% to hit)
You throw a poisoned dart.
The poisoned dart barely misses Terence.
Terence misses you.
Terence hits you with a +0 heavy trident!
Ouch! That really hurt!
* * * LOW HITPOINT WARNING * * *
You hit Terence but do no damage. You hit Terence but do no damage.
The rat bites you.
* * * LOW HITPOINT WARNING * * *
Terence closely misses you.
You hit Terence but do no damage. The rat barely misses you.
Terence hits you with a +0 heavy trident!
Ouch! That really hurt!
You die...

.....#.....##
............##
.............#
.............#
.............# * *
.............# ,
.............#
...........(.###### *
<...............@@###*
, ,
.....#.....######r..#,
, , ####.#######
###...# #.# * ......[
#.# * * , ,,#......
#.# , , , * .#.... ,
#.# ** ###..., , ##.#
* ,, ... #..# * * *,,
## ,


You could see Terence (invisible) and a rat.

Vanquished Creatures
  A ball python (D:2)
  A bat (D:2)
  A giant cockroach (D:1)
  A quokka (D:2)
  2 frilled lizards (D:1)
  3 kobolds (D:1)
9 creatures vanquished.

Notes
Turn   | Place    | Note
-------+----------+-------------------------------------------
     0 | D:1      | SeerSkye the Meteoran Monk began the quest for the Orb.
     0 | D:1      | Reached XP level 1. HP: 19/19 MP: 2/2
   107 | D:1      | Reached XP level 2. HP: 26/26 MP: 3/3
   212 | D:2      | Reached skill level 4 in Long Blades
   238 | D:2      | Noticed Terence
   251 | D:2      | Slain by Terence

Illustrated notes

Levels and vault maps discovered:
D:1:      wander_arrival_estate, layout_basic, grunt_decor_arrowhead,
          kennysheep_small_spiral, chequers_serial_rivers_room_b
D:2:      layout_rooms, basic_altar, uniq_terence, uniq_jessica

Skill      XL: |  1  2 |
---------------+-------+-----
Long Blades    | 4 |  4.0
Fighting       | |  3.4
Dodging        | |  3.8

Action                     || total
---------------------------++-------
  Melee: Falchion          ||    20
  Throw: Dart              ||     2
 Armour: Robe              ||    11
  Dodge: Dodged            ||    16
